 Dungeon Crawl Stone Soup version 0.25-a0-591-g2ad0d86 (webtiles) character file.

Game seed: 12587058104363001529, levelgen mode: deterministic

110702 Trevor the Covert (level 16, -13/99 HPs)
             Began as a Vampire Ice Elementalist on Mar 13, 2020.
             Was a High Priest of Sif Muna.
             Hit by a javelin thrown by a merfolk javelineer (24 damage)
             ... on level 1 of the Shoals on Mar 15, 2020.
             The game lasted 04:56:30 (36861 turns).

Trevor the Covert (Vampire Ice Elementalist)       Turns: 36861, Time: 04:56:31

Health: -13/99     AC: 14    Str: 11    XL:     16   Next: 7%
Magic:  21/32      EV: 19    Int: 24    God:    Sif Muna [*****.]
Gold:   2659       SH:  0    Dex: 15    Spells: 16/39 levels left

rFire    + . .     SeeInvis +   E - +5 scythe "Finisher" {speed, eviscerate}
rCold    . . .     Gourm    .   (shield currently unavailable)
rNeg     . . .     Faith    .   B - +2 steam dragon scales
rPois    +         Spirit   .   (no helmet)
rElec    .         Reflect  .   (no cloak)
rCorr    .         Harm     .   u - +0 pair of gloves "Keople Zuharph" {*Contam rPois Str+4}
MR       ++...                  c - +1 pair of boots
Stlth    +++.......             a - amulet of magic regeneration
HPRegen  0.46/turn              H - ring of protection from magic
MPRegen  0.48/turn              h - ring of protection from fire

@: regenerating quickly, very slow
A: no food, fangs 3, iridescent scales 1, see invisible, shaggy fur 1,
unbreathing
a: Exsanguinate, Channel Magic, Forget Spell, Divine Exegesis, Renounce Religion


You were on level 1 of the Shoals.
You worshipped Sif Muna.
Sif Muna was extremely pleased with you.
You were alive.

You visited 8 branches of the dungeon, and saw 29 of its levels.
You also visited: Volcano.

You collected 2659 gold pieces.

Inventory:

Hand Weapons
 E - the +5 scythe "Finisher" (weapon) {speed, eviscerate}
   (You found it on level 8 of the Dungeon)

   Attacks with this weapon are significantly faster.
Armour
 c - a +1 pair of boots (worn)
 e - +0 acid dragon scales
 u - the +0 pair of gloves "Keople Zuharph" (worn) {*Contam rPois Str+4}
   (You found it on level 2 of the Lair of Beasts)

   It affects your strength (+4).
   It protects you from poison.
   It causes magical contamination when unequipped.
 B - +2 steam dragon scales (worn)
 X - the +3 scale mail "Kauc" {rPois rF- Str+4 Slay+6}
   (You found it on level 6 of the Lair of Beasts)

   It affects your strength (+4).
   It affects your accuracy and damage with ranged weapons and melee attacks
   (+6).
   It makes you vulnerable to fire.
   It protects you from poison.
Jewellery
 a - an amulet of magic regeneration (around neck)
 h - a ring of protection from fire (right hand)
 i - a +4 ring of protection {unknown}
 k - an uncursed amulet of regeneration
 H - a ring of protection from magic (left hand)
Wands
 l - a wand of flame (72)
 n - a wand of paralysis (12)
 o - a wand of disintegration (42)
 w - a wand of random effects (12)
 x - a wand of polymorph (18)
 y - a wand of enslavement (25)
 C - a wand of iceblast (19)
 S - a wand of acid (19)
 W - a wand of digging (6)
Scrolls
 b - a scroll of teleportation
 d - 3 scrolls of magic mapping
 j - 7 scrolls of enchant weapon
 s - 21 scrolls of remove curse
 v - a scroll of identify
 J - 3 scrolls of random uselessness {unknown}
 K - 2 scrolls of fog
 P - 2 scrolls of amnesia
 T - a scroll of summoning {unknown}
Potions
 f - 7 potions of curing
 g - 3 potions of flight
 m - 3 potions of haste
 p - a potion of might
 q - 5 potions of magic
 r - 4 potions of mutation
 t - 3 potions of brilliance
 z - 2 potions of invisibility
 A - 4 potions of cancellation
 D - 3 potions of stabbing
 F - 2 potions of lignification
 G - 2 potions of ambrosia {unknown}
 N - 2 potions of resistance {unknown}
 V - a potion of berserk rage {unknown}
Miscellaneous
 M - a box of beasts
 U - a tin of tremorstones
 Y - a lamp of fire


   Skills:
 + Level 1.1 Fighting
 * Level 9.4 Polearms
 + Level 6.2 Armour
 + Level 10.4 Dodging
 - Level 14.0 Stealth
 - Level 6.1 Unarmed Combat
 * Level 12.1 Spellcasting
 + Level 3.7 Conjurations
 - Level 7.0 Hexes
 - Level 7.0 Summonings
 * Level 5.8 Necromancy
 - Level 3.0 Translocations
 * Level 13.3 Ice Magic
 + Level 2.1 Air Magic
 - Level 5.0 Evocations


You had 16 spell levels left.
You knew the following spells:

 Your Spells              Type           Power        Failure   Level  Hunger
a - Freeze                Ice            ####         1%          1    N/A
b - Frozen Ramparts       Ice            ######       1%          3    N/A
c - Summon Ice Beast      Ice/Summ       ######..     1%          4    N/A
d - Hailstorm             Conj/Ice       ######..     1%          4    N/A
e - Ozocubu's Armour      Chrm/Ice       #####...     1%          3    N/A
f - Blink                 Tloc           N/A          1%          2    N/A
g - Slow                  Hex            #####...     1%          2    N/A
h - Mephitic Cloud        Conj/Pois/Air  ###.....     5%          3    N/A
i - Animate Skeleton      Necr           N/A          1%          1    N/A

Your spell library contained the following spells:

 Spells                   Type           Power        Failure   Level  Hunger
 Corona                   Hex            #####..      1%          1    N/A
 Magic Dart               Conj           ####         1%          1    N/A
 Pain                     Necr           ####         1%          1    N/A
 Call Imp                 Summ           #####...     1%          2    N/A
 Corpse Rot               Necr/Air       N/A          1%          2    N/A
 Confusing Touch          Hex            #####...     1%          3    N/A
 Summon Guardian Golem    Hex/Summ       #####...     1%          3    N/A
 Tukima's Dance           Hex            #####...     1%          3    N/A
 Vampiric Draining        Necr           #####.....   1%          3    N/A
 Ice Form                 Ice/Tmut       #####...     2%          4    N/A
 Spectral Weapon          Hex/Chrm       ####....     3%          3    N/A
 Dispel Undead            Necr           #####...     3%          4    N/A
 Beastly Appendage        Tmut           ##....       4%          1    N/A
 Sting                    Tmut/Pois      ##..         4%          1    N/A
 Poisonous Vapours        Pois/Air       ###...       4%          2    N/A
 Sticks to Snakes         Tmut           ##......     6%          2    N/A
 Conjure Flame            Conj/Fire      ###.....     6%          3    N/A
 Stone Arrow              Conj/Erth      ###...       6%          3    N/A
 Summon Mana Viper        Hex/Summ       #####...     7%          5    N/A
 Ignite Poison            Fire/Tmut/Pois ##......     13%         3    N/A
 Spider Form              Tmut/Pois      ##........   13%         3    N/A
 Simulacrum               Ice/Necr       ######....   13%         6    N/A
 Airstrike                Air            ###.......   17%         4    N/A
 Silence                  Hex/Air        #####.....   19%         5    N/A
 Borgnjor's Vile Clutch   Necr/Erth      ####......   34%         5    N/A
 Lightning Bolt           Conj/Air       ####......   34%         5    N/A
 Invisibility             Hex            #####...     36%         6    N/A
 Freezing Cloud           Conj/Ice/Air   #####.....   43%         6    N/A
 Fireball                 Conj/Fire      ###.......   50%         5    N/A
 Death Channel            Necr           #####.....   52%         6    N/A
 Blade Hands              Tmut           ##........   75%         5    N/A
 Starburst                Conj/Fire      ###.......   97%         6    N/A
 Spellforged Servitor     Conj/Summ      #####.....   98%         7    N/A
 Deflect Missiles         Chrm/Air       ###.......   99%         6    N/A
 Orb of Destruction       Conj           ####......   100%        7    N/A
 Ring of Flames           Chrm/Fire      ##........   100%        7    N/A
 Ignition                 Fire           ##........   100%        8    N/A

Dungeon Overview and Level Annotations

Branches:
Dungeon (15/15)            Temple (1/1) D:4            Lair (6/6) D:11
 Shoals (2/4) Lair:3       Spider (1/4) Lair:2        Slime (1/5) Lair:6
    Orc (2/2) D:10            Elf (0/3) Orc:2        Vaults (0/5) D:13
 Depths (1/5) D:15        Volcano (visited)

Altars:
Ashenzari
Cheibriados
Dithmenos
Elyvilon
Fedhas
Gozag
Hepliaklqana
Kikubaaqudgha
Makhleb
Nemelex Xobeh
Okawaru
Qazlal
Ru
Sif Muna
Trog
Uskayaw
Vehumet
Wu Jian
Xom
Yredelemnul
Zin
The Shining One
Beogh

Shops:
D:7 =   D:11 ?   D:12 !   Orc:1 }   Orc:2 ***?

Annotations:
D:9 1 runed translucent door, BlueFish's ghost, journeyman MiFi
D:10 exclusion: obsidian statue
D:12 /
Lair:2 Asterion


Innate Abilities, Weirdness & Mutations

You do not eat.
Your natural rate of healing is unusually fast.
You have razor-sharp teeth.
You have supernaturally acute eyesight. (SInv)
You can survive without breathing.
You are partially covered in iridescent scales. (AC +2)
You are covered in fur. (AC +1)


Message History

Confirm with . or Enter, or press ? or * to list all spells.
You blink.
Splash!
The merfolk closely misses you.
Casting: Blink (safe; 1% risk of failure)
Confirm with . or Enter, or press ? or * to list all spells.
You blink.
The merfolk completely misses you.
The merfolk javelineer throws a javelin.
The javelin pierces through you!
* * * LOW HITPOINT WARNING * * *
You hear a splash.
Casting: Blink (safe; 1% risk of failure)
Confirm with . or Enter, or press ? or * to list all spells.
You blink.
Splash!
You fall into the shallow water.
Moving in this stuff is going to be slow.
The merfolk javelineer throws a javelin.
The javelin pierces through you!!
You die...

≈≈≈≈≈≈≈≈≈≈≈≈≈...≈≈# ≈# ≈≈≈
≈≈≈.≈≈≈≈≈≈≈≈≈≈≈≈≈≈# ≈# ≈≈≈
≈≈≈≈≈≈≈≈≈≈≈≈≈≈≈≈≈≈####≈≈#≈
≈≈≈≈≈≈≈≈≈≈≈≈≈(≈≈≈≈≈≈≈≈≈≈# #
≈≈≈≈≈≈≈≈≈≈≈≈(≈(≈≈≈≈≈≈≈≈≈# #
≈PP≈....≈≈≈≈≈≈≈≈≈≈≈≈≈≈≈≈####
≈PPP.#.≈≈≈≈≈≈≈≈≈(≈P≈P≈≈≈≈≈≈
PP≈.≈≈≈≈≈≈≈≈≈≈≈≈P≈PPP....
P≈≈≈≈≈≈≈@≈≈≈≈≈≈≈≈≈≈≈≈P...
≈P.≈≈≈≈≈≈≈≈≈≈≈≈≈P≈≈≈≈....
...≈≈≈≈≈P≈.mP≈≈≈P≈≈..P...
###.(≈≈≈≈≈§m.P≈≈P≈≈......
#..≈≈≈≈≈P#.≈P≈≈P≈....≈.
#..≈≈≈≈≈≈P>≈P≈≈≈≈≈≈≈≈≈≈
....≈≈≈≈≈.(P.≈≈≈≈PP≈≈≈≈≈
...≈≈≈P≈≈≈.P≈≈P≈≈≈≈≈≈≈≈≈≈
.≈≈≈≈≈≈≈≈P...≈≈≈≈≈≈≈≈≈≈≈≈


You could see a merfolk javelineer and a merfolk.

Vanquished Creatures
  Jorgrun (D:15)
  Rupert (D:14)
  An orc warlord (Orc:1)
  2 dire elephants (Lair:6)
  The ghost of Hubb the Arsonist, a journeyman DEFE of Vehumet (Lair:2)
  9 hydras
  3 vault guards (D:13)
  A merfolk avatar (Shoals:1)
  3 ogre magi
  Erica (Orc:1)
  2 centaur warriors
  4 catoblepae
  9 death yaks (Lair:6)
  6 two-headed ogres
  A hell hog (Volcano)
  2 orc high priests (Orc:2)
  2 fire crabs
  A skeletal warrior (D:14)
  An unseen horror (D:14)
  Pikel (D:7)
  An orb spider (Spider:1)
  4 orc knights
  A wolf spider (Spider:1)
  7 ugly things
  5 orc sorcerers
  5 manticores
  A faun (Lair:5)
  A cyclops (D:9)
  A merfolk siren (Shoals:1)
  4 centaur zombies
  A black mamba (Lair:5)
  8 elephants
  A molten gargoyle (Lair:3)
  Maggie (D:7)
  9 spiny frogs
  A demonic crawler (Spider:1)
  A rime drake (shapeshifter) (D:13)
  A yaktaur (D:15)
  An efreet (D:13)
  2 freezing wraiths
  3 rime drakes
  2 kobold demonologists
  2 komodo dragons
  2 merfolk (Shoals:1)
  2 tengu conjurers (D:15)
  2 meliai (D:15)
  A jumping spider (Spider:1)
  3 trolls
  A harpy skeleton (D:15)
  A slime creature (Slime:1)
  7 hippogriffs
  A blink frog (Lair:6)
  3 snapping turtles (Shoals:1)
  2 vampires (D:9)
  2 shadows
  A water elemental (D:14)
  10 wraiths
  A wyvern (Lair:6)
  5 redbacks (Spider:1)
  A human (D:7)
  3 hogs (D:7)
  13 fire bats (Volcano)
  22 yaks
  4 basilisks
  A steam dragon (D:12)
  A hungry ghost (D:8)
  3 vampire mosquitoes
  4 wargs
  Menkaure (D:6)
  A hell hound (Volcano)
  4 water moccasins
  6 porcupines
  Duvessa (D:5)
  21 orc warriors
  A sky beast (shapeshifter) (D:15)
  A hornet zombie (D:14)
  6 phantoms
  3 ice beasts
  A sky beast (D:6)
  4 slaves (D:7)
  A black bear (D:11)
  11 ogres
  29 wolves
  4 centaurs
  8 crocodiles
  A big kobold (D:11)
  2 wyvern zombies
  9 bullfrogs
  5 scorpions
  Dowan (D:5)
  5 killer bees (D:9)
  5 wights
  2 howler monkeys
  An electric eel (Lair:3)
  7 crimson imps
  3 lava snakes (Volcano)
  5 hounds
  4 jellies
  3 quasits
  A bullfrog zombie (D:12)
  18 orc priests
  2 bullfrog skeletons
  18 orc wizards
  Jessica (D:3)
  A centaur skeleton (D:10)
  5 iguanas
  9 worker ants
  2 worker ant zombies
  3 gnolls
  12 adders
  4 shadow imps
  2 oozes
  An adder zombie (D:7)
  An adder skeleton (D:5)
  A worm (D:3)
  2 dart slugs
  2 leopard geckos
  63 orcs
  2 ball pythons
  8 bats
  2 giant cockroaches
  8 goblins
  11 hobgoblins
  6 jackals (D:1)
  10 kobolds
  3 quokkas
  4 frilled lizards
  A jackal zombie (D:5)
  A leopard gecko zombie (D:8)
  15 rats
  4 fungi
  5 plants
595 creatures vanquished.

Vanquished Creatures (collateral kills)
  A stone giant (Orc:1)
  A dire elephant (Lair:6)
  A merfolk impaler (Shoals:1)
  Josephine (D:15)
  A yaktaur captain (D:15)
  A merfolk avatar (Shoals:1)
  A vault guard (D:13)
  6 hydras
  An anaconda (Lair:6)
  A centaur warrior (D:15)
  A merfolk aquamancer (Lair:3)
  A tengu warrior (D:14)
  5 two-headed ogres
  A death knight (D:15)
  2 death yaks (Lair:6)
  An ogre mage (D:15)
  Urug (Lair:4)
  An orc high priest (Orc:2)
  2 sea snakes (Shoals:1)
  2 orc knights (Orc:2)
  A wolf spider zombie (D:13)
  6 ugly things
  An orb spider (Spider:1)
  3 cyclopes (D:14)
  8 elephants
  4 manticores
  Maurice (D:11)
  A black mamba (Lair:6)
  A torpor snail (Spider:1)
  5 spiny frogs
  3 centaur skeletons
  4 komodo dragons
  2 rime drakes
  A harpy zombie (D:15)
  6 trolls
  3 merfolk (Shoals:1)
  A meliai (D:15)
  12 slime creatures
  A snapping turtle (Lair:3)
  2 blink frogs (Lair:6)
  8 hippogriffs
  3 redbacks (Spider:1)
  A water elemental (Shoals:1)
  2 wraiths
  2 wyverns
  10 yaks
  5 fire bats (Volcano)
  A fire elemental (Lair:3)
  3 vampire mosquitoes (D:14)
  7 wargs
  2 acid dragons
  4 water moccasins
  An ice beast (D:8)
  3 porcupines
  8 orc warriors
  A black bear (D:7)
  7 ogres
  An eye of draining (D:15)
  19 wolves
  3 centaurs
  3 crocodiles
  7 bullfrogs
  A big kobold (D:11)
  A wyvern skeleton (D:13)
  A wight (D:14)
  2 electric eels (D:14)
  A howler monkey (D:8)
  A crimson imp (D:14)
  A centaur zombie (D:8)
  2 lava snakes (Volcano)
  A hound (D:12)
  2 jellies (Lair:6)
  5 orc wizards
  4 orc priests
  A worker ant (D:14)
  A gnoll (Orc:2)
  An adder (D:9)
  An adder skeleton (D:8)
  16 orcs
  5 kobolds (D:11)
  4 fungi
  A plant (Lair:6)
251 creatures vanquished.

Vanquished Creatures (others)
  2 yaks (Lair:6)
  A water moccasin (Lair:6)
  A crimson imp (D:11)
  2 orcs
  4 bushes
  41 fungi
  16 plants
67 creatures vanquished.

Grand Total: 913 creatures vanquished

Notes
Turn   | Place    | Note
-------+----------+-------------------------------------------
     0 | D:1      | Trevor the Vampire Ice Elementalist began the quest for the
                  | Orb.
     0 | D:1      | Reached XP level 1. HP: 13/13 MP: 3/3
   325 | D:1      | Reached XP level 2. HP: 19/19 MP: 3/5
   893 | D:1      | Reached XP level 3. HP: 23/24 MP: 4/6
  1144 | D:2      | Learned a level 3 spell: Frozen Ramparts
  1144 | D:2      | Gained mutation: You are covered in fur. (AC +1) [potion of
                  | mutation]
  1144 | D:2      | Gained mutation: You are partially covered in iridescent
                  | scales. (AC +2) [potion of mutation]
  1248 | D:2      | Noticed an ogre
  1285 | D:2      | Killed an ogre
  1285 | D:2      | Reached skill level 1 in Unarmed Combat
  1285 | D:2      | Reached XP level 4. HP: 30/30 MP: 0/8
  1512 | D:2      | Reached skill level 4 in Stealth
  1723 | D:2      | Reached XP level 5. HP: 35/35 MP: 5/9
  2063 | D:3      | Noticed Jessica
  2074 | D:3      | Killed Jessica
  2129 | D:3      | Reached skill level 5 in Ice Magic
  2265 | D:3      | Noticed a phantom
  2624 | D:3      | Killed a phantom
  2624 | D:3      | Reached XP level 6. HP: 27/41 MP: 0/11
  3192 | D:4      | Reached skill level 5 in Stealth
  3339 | D:4      | Reached XP level 7. HP: 46/46 MP: 8/13
  3459 | D:4      | Found a staircase to the Ecumenical Temple.
  3466 | Temple   | Entered the Ecumenical Temple
  3540 | Temple   | Became a worshipper of Sif Muna the Loreminder
  3796 | D:5      | Entered Level 5 of the Dungeon
  3919 | D:5      | Found a sacrificial altar of Ru.
  3920 | D:5      | Found an ornate altar of the Wu Jian Council.
  3920 | D:5      | Found a glowing golden altar of the Shining One.
  3969 | D:5      | Found a shattered altar of Ashenzari.
  4084 | D:5      | Reached * piety under Sif Muna
  4101 | D:5      | Noticed Duvessa
  4135 | D:5      | Noticed Dowan
  4140 | D:5      | Killed Dowan
  4140 | D:5      | Reached skill level 6 in Stealth
  4189 | D:5      | Killed Duvessa
  4189 | D:5      | Reached skill level 5 in Spellcasting
  4189 | D:5      | Reached XP level 8. HP: 44/52 MP: 12/15
  4242 | D:5      | Found a glowing golden altar of the Shining One.
  4244 | D:5      | Found a radiant altar of Vehumet.
  4244 | D:5      | Found a sacrificial altar of Ru.
  4246 | D:5      | Found a hazy altar of Hepliaklqana.
  4246 | D:5      | Found a shimmering altar of Xom.
  4246 | D:5      | Found a shimmering altar of Xom.
  4748 | D:6      | Noticed Menkaure
  4766 | D:6      | Killed Menkaure
  4788 | D:6      | Found a bloodstained altar of Trog.
  4967 | D:6      | Reached skill level 5 in Dodging
  5017 | D:6      | Reached skill level 7 in Stealth
  5403 | D:6      | Found a burning altar of Makhleb.
  5405 | D:6      | Noticed an Executioner
  5633 | D:7      | Noticed Pikel
  5772 | D:7      | Killed Pikel
  5772 | D:7      | Reached XP level 9. HP: 57/57 MP: 15/18
  5848 | D:7      | Reached skill level 8 in Stealth
  5848 | D:7      | Reached skill level 5 in Unarmed Combat
  5871 | D:7      | Noticed Maggie
  5969 | D:7      | Killed Maggie
  5988 | D:7      | Learned a level 4 spell: Summon Ice Beast
  6026 | D:7      | Found Zyck's Jewellery Emporium.
  6193 | D:7      | Learned a level 4 spell: Hailstorm
  6197 | D:7      | Learned a level 3 spell: Ozocubu's Armour
  6424 | D:7      | Got a shimmering trident
  6871 | D:8      | Reached ** piety under Sif Muna
  6884 | D:8      | Reached XP level 10. HP: 63/63 MP: 3/21
  6886 | D:8      | Reached skill level 1 in Summonings
  7129 | D:8      | Reached skill level 1 in Armour
  7249 | D:8      | Reached skill level 9 in Stealth
  8708 | D:8      | Found the +5 scythe "Finisher" {speed, eviscerate}
  8950 | D:9      | Noticed a cyclops
  9135 | D:9      | Reached *** piety under Sif Muna
  9241 | D:9      | Reached skill level 1 in Polearms
  9499 | D:9      | Noticed BlueFish's ghost (journeyman MiFi)
  9502 | D:9      | Found a runed translucent door.
  9505 | D:9      | Found a snail-covered altar of Cheibriados.
  9635 | D:9      | Killed a cyclops
  9709 | D:9      | Found a stormy altar of Qazlal.
  9973 | D:10     | Entered Level 10 of the Dungeon
  9974 | D:10     | Identified the +8 trident of the Distant Future {freeze,
                  | rF- Dex+3 SInv Stlth+} (You found it on level 7 of the
                  | Dungeon)
 10014 | D:10     | Found a staircase to the Orcish Mines.
 10208 | D:10     | Reached XP level 11. HP: 68/68 MP: 19/23
 10470 | D:10     | Noticed an obsidian statue
 10581 | Orc:1    | Entered Level 1 of the Orcish Mines
 10584 | Orc:1    | Noticed Erica
 10612 | Orc:1    | Killed Erica
 10612 | Orc:1    | Reached skill level 10 in Stealth
 10802 | Orc:1    | Found Ipluot's Gadget Boutique.
 10812 | Orc:1    | Noticed an orc sorcerer
 10820 | Orc:1    | Killed an orc sorcerer
 10823 | Orc:1    | Noticed an orc sorcerer
 10844 | Orc:1    | Killed an orc sorcerer
 11033 | Orc:1    | Reached skill level 10 in Ice Magic
 11034 | Orc:1    | Reached **** piety under Sif Muna
 11306 | Orc:2    | Entered Level 2 of the Orcish Mines
 11315 | Orc:1    | Noticed an orc warlord
 11433 | D:11     | Noticed Maurice
 11479 | D:11     | Killed Maurice
 11672 | D:11     | Found Kuul's Magic Scroll Shop.
 11677 | D:11     | Noticed a two-headed ogre
 11690 | D:11     | Killed a two-headed ogre
 11859 | D:11     | Noticed a six-headed hydra
 11955 | D:11     | Noticed a four-headed hydra
 11984 | D:11     | Killed a six-headed hydra
 12130 | D:11     | Killed a four-headed hydra
 12317 | D:11     | Found a blossoming altar of Fedhas.
 12374 | D:11     | Noticed a two-headed ogre
 12380 | D:11     | Killed a two-headed ogre
 12535 | D:11     | Found a staircase to the Lair.
 12682 | D:11     | Found an opulent altar of Gozag.
 13004 | Lair:1   | Entered Level 1 of the Lair of Beasts
 13176 | Lair:1   | Reached XP level 12. HP: 74/74 MP: 13/25
 13255 | Lair:1   | Reached skill level 11 in Stealth
 13595 | Lair:1   | Reached skill level 5 in Polearms
 14391 | Lair:2   | Reached ***** piety under Sif Muna
 14428 | Lair:2   | Noticed a six-headed hydra
 14450 | Lair:2   | Found a runed translucent gate.
 14450 | Lair:2   | Noticed a five-headed hydra
 14451 | Lair:2   | Found a runed translucent gate.
 14451 | Lair:2   | Found a runed translucent gate.
 14454 | Lair:2   | Noticed Hubb's ghost (journeyman DEFE)
 14789 | Lair:2   | Found a hole to the Spider Nest.
 14936 | Lair:2   | Learned a level 2 spell: Blink
 14942 | Lair:2   | Identified Sif Muna's Volume of the Mutagenic Birds (Sif
                  | Muna gifted it to you on level 2 of the Lair of Beasts)
 14942 | Lair:2   | Received a gift from Sif Muna
 15266 | Lair:2   | Killed a five-headed hydra
 15341 | Lair:2   | Killed a six-headed hydra
 15487 | Lair:2   | Got a pair of distressingly furry gloves
 15685 | Lair:2   | Killed Hubb's ghost
 15685 | Lair:2   | Reached skill level 5 in Summonings
 15843 | Lair:3   | Reached skill level 1 in Evocations
 16041 | Lair:3   | Reached skill level 1 in Translocations
 16666 | Lair:3   | Found a staircase to the Shoals.
 16683 | Lair:3   | Reached skill level 10 in Spellcasting
 17180 | Lair:4   | Noticed a catoblepas
 17195 | Lair:4   | Noticed a five-headed hydra
 17229 | Lair:4   | Killed a five-headed hydra
 17381 | Lair:4   | Noticed a catoblepas
 17385 | Lair:4   | Noticed a six-headed hydra
 17452 | Lair:4   | Killed a catoblepas
 17621 | Lair:4   | Killed a catoblepas
 17621 | Lair:4   | Reached skill level 12 in Stealth
 17883 | Lair:4   | Killed a six-headed hydra
 17883 | Lair:4   | Reached XP level 13. HP: 79/79 MP: 12/27
 18059 | Lair:4   | Noticed Urug
 18086 | Lair:4   | Killed Urug
 18642 | Lair:5   | Identified the +0 pair of gloves "Keople Zuharph" {*Contam
                  | rPois Str+4} (You found it on level 2 of the Lair of
                  | Beasts)
 19782 | Lair:5   | Identified Sif Muna's Disquisition on Lethal Weightlessness
                  | (Sif Muna gifted it to you on level 5 of the Lair of
                  | Beasts)
 19782 | Lair:5   | Received a gift from Sif Muna
 19790 | Lair:5   | Learned a level 2 spell: Slow
 20403 | Lair:6   | Entered Level 6 of the Lair of Beasts
 20455 | Lair:6   | Found a dark tunnel.
 20467 | Lair:6   | Learned a level 3 spell: Mephitic Cloud
 20468 | Volcano  | Entered a volcano
 20715 | Volcano  | Reached skill level 1 in Hexes
 20724 | Volcano  | Reached skill level 1 in Conjurations
 21123 | Volcano  | Found a burning altar of Makhleb.
 21195 | Volcano  | Found a bloodstained altar of Trog.
 21917 | Lair:6   | Found a staircase to the Slime Pits.
 21934 | Lair:6   | Reached skill level 5 in Armour
 22081 | Lair:6   | Reached XP level 14. HP: 67/85 MP: 10/28
 22687 | Lair:6   | Identified Sif Muna's Volume of Excruciating Evil Rituals
                  | (Sif Muna gifted it to you on level 6 of the Lair of
                  | Beasts)
 22687 | Lair:6   | Received a gift from Sif Muna
 22904 | Lair:6   | Learned a level 1 spell: Animate Skeleton
 23275 | Lair:6   | Got an ichor-stained scale mail
 23476 | Lair:6   | Reached skill level 13 in Stealth
 23569 | Lair:6   | Reached skill level 1 in Necromancy
 24662 | Slime:1  | Entered Level 1 of the Pits of Slime
 24670 | Slime:1  | Noticed an acid blob
 24876 | Shoals:1 | Entered Level 1 of the Shoals
 24939 | Spider:1 | Entered Level 1 of the Spider Nest
 25375 | Spider:1 | Noticed Asterion
 25509 | Spider:1 | Noticed a cacodemon
 25516 | Lair:2   | Noticed a balrug
 25881 | D:12     | Identified the +3 scale mail "Kauc" {rPois rF- Str+4
                  | Slay+6} (You found it on level 6 of the Lair of Beasts)
 26096 | D:12     | Found a shattered altar of Ashenzari.
 26141 | D:12     | Got a steaming flail
 26160 | D:12     | Reached skill level 5 in Hexes
 26247 | D:12     | Found Ekepn's Distillery.
 27606 | D:13     | Found a gate to the Vaults.
 28169 | D:13     | Identified Sif Muna's Papyrus of Dark Rites (Sif Muna
                  | gifted it to you on level 13 of the Dungeon)
 28169 | D:13     | Received a gift from Sif Muna
 28455 | D:14     | Noticed Rupert
 28777 | Orc:2    | Noticed a stone giant
 28900 | Orc:1    | Killed an orc warlord
 28992 | Orc:1    | Killed a stone giant
 29239 | Orc:2    | Reached XP level 15. HP: 90/90 MP: 19/30
 29310 | Orc:2    | Paralysed by an orc sorcerer for 5 turns
 29827 | Orc:2    | Found Taatef's General Store.
 29827 | Orc:2    | Found Ucubbued's Magic Scroll Shoppe.
 29829 | Orc:2    | Found Canud's General Store.
 29829 | Orc:2    | Found Fipuhyss's General Store.
 30083 | Orc:2    | Found a roughly hewn altar of Beogh.
 30210 | Orc:2    | Found a staircase to the Elven Halls.
 31308 | D:13     | Identified Sif Muna's Disquisition on Curses (Sif Muna
                  | gifted it to you on level 13 of the Dungeon)
 31308 | D:13     | Received a gift from Sif Muna
 31313 | D:13     | Reached skill level 10 in Dodging
 31790 | D:14     | Paralysed by Rupert for 5 turns
 31829 | D:14     | Killed Rupert
 32390 | D:15     | Entered Level 15 of the Dungeon
 32406 | D:15     | Noticed Jorgrun
 32809 | D:15     | Reached skill level 5 in Necromancy
 32809 | D:15     | Reached skill level 1 in Air Magic
 32992 | D:15     | Found a staircase to the Depths.
 33209 | D:15     | Received a gift from Sif Muna
 33237 | D:15     | Killed Jorgrun
 33806 | D:14     | Reached skill level 14 in Stealth
 34131 | D:15     | Noticed Josephine
 34139 | D:15     | Killed Josephine
 34179 | D:15     | Paralysed by an ogre mage for 2 turns
 34688 | Depths:1 | Entered Level 1 of the Depths
 35969 | Slime:1  | HP: 2/91 [acid (15)]
 36424 | Shoals:1 | Reached skill level 1 in Fighting
 36424 | Shoals:1 | Reached XP level 16. HP: 99/99 MP: 22/32
 36525 | Shoals:1 | Reached skill level 5 in Evocations
 36861 | Shoals:1 | Hit by a javelin thrown by a merfolk javelineer

Levels and vault maps discovered:
D:1:      enne_arrival_octagon_isle, layout_basic, minmay_tetromino_t2
D:2:      layout_basic, first_ration, st_stairs_6, kennysheep_donut
D:3:      layout_loops_ring, uniq_jessica
D:4:      layout_basic, minmay_temple_entry_enclosed_plants
D:5:      layout_loops_ring, old_standard_altar,
          chequers_temple_overflow_statue_of_worship, doesnt_xom_only_xom,
          uniq_duvessa
D:6:      layout_loops_cross, nicolae_overflow_crystal_walls,
          makhleb_altar_promises_db, uniq_menkaure
D:7:      layout_gridville, serial_shops, shop, grunt_livestock, uniq_maggie,
          uniq_pikel
D:8:      minmay_four_partial_circles, layout_basic,
          minmay_guarded_unrand_finisher
D:9:      layout_cave_pools, nicolae_qazlal_general_emergency,
          cheibriados_altar_1, hellmonk_ghost_happy_afterlife,
          grunt_ministairs_14
D:10:     layout_basic, minmay_orc_entry_guard_dogs, minivault_16, uniq_harold
D:11:     layout_basic, grunt_lair_entry_orc_guard_hut, basic_altar,
          serial_shops, nicolae_shop_behind_doors,
          fedhas_bush_and_centaur_altar, uniq_maurice
D:12:     layout_irregular_city, serial_shops, kennysheep_mini_moat,
          nicolae_ashenzari_panopticon
D:13:     layout_stronghold, lightli_vaults_fourway_checkpoint
D:14:     layout_big_octagon, serial_bayou_pond_a, uniq_rupert
D:15:     grunt_enter_depths_snipers, layout_irregular_city, minivault_19,
          wad_mini_maze, uniq_jorgrun, uniq_josephine
Temple:   eino_temple_lava
Lair:1:   layout_gridlike, chequers_serial_rivers_small_b,
          hangedman_lair_unloving_vines, nicolae_quartered_pool_super,
          grunt_megastairs_5
Lair:2:   layout_chaotic_city, dummy_spider_entry, gammafunk_ghost_split
Lair:3:   layout_gridlike, minmay_shoals_entry_hut
Lair:4:   layout_big_grid, grunt_megastairs_4, serial_bayou_shore_b,
          serial_bayou_shore_a, uniq_urug
Lair:5:   layout_cave_pods, grunt_forest_large_clearings,
          infiniplex_staircase_pool_2
Lair:6:   due_jungle_book, layout_cave_pods, nicolae_slime_entry_slimehenge,
          nicolae_volcano_entry_hallway, hibernation_bobbens
Shoals:1: layout_shoals, st_sunken_huts
Shoals:2: layout_shoals, gammafunk_ghost_grave,
          nicolae_shoals_stone_sculpture_thing, uniq_louise
Spider:1: layout_spider_delve, uniq_asterion
Slime:1:  layout_caves
Orc:1:    layout_diamond_mine, serial_shops, shop, mines5_lemuel, uniq_erica
Orc:2:    grunt_orc_tribal_feast, layout_caves, mines1_david
Depths:1: layout_cave_pools, enter_ziggurat_f, serial_bayou_pond_b, hellmouth_1,
          abyss_entry

Skill      XL: |  1  2  3  4  5  6  7  8  9 10 11 12 13 14 15 16 |
---------------+-------------------------------------------------+-----
Unarmed Combat | 1 2 3 4 5 6 |  6.1
Spellcasting   | 3 4 5 6 7 8 9 10 11 12 | 12.1
Stealth        | 4 5 6 7 8 9 10 12 13 14 | 14.0
Dodging        | 3 4 5 6 7 8 9 10 | 10.4
Ice Magic      | 5 6 7 8 9 10 11 12 13 | 13.3
Summonings     | 2 4 5 6 7 |  7.0
Armour         | 2 3 4 5 6 |  6.2
Polearms       | 2 4 6 7 8 9 |  9.4
Evocations     | 1 3 4 5 |  5.0
Translocations | 1 3 |  3.0
Hexes          | 2 6 7 |  7.0
Conjurations   | 1 2 3 |  3.7
Necromancy     | 3 5 |  5.8
Air Magic      | 1 2 |  2.1
Fighting       | 1 |  1.1

Action                   |  1- 3 |  4- 6 |  7- 9 | 10-12 | 13-15 | 16-18 || total
-------------------------+-------+-------+-------+-------+-------+-------++-------
Melee: Unarmed           |     9 |    12 |    20 |     1 |       |       ||    42
       Bite              |       |     1 |     2 |     3 |    23 |     1 ||    30
       Punch             |       |       |     2 |       |       |       ||     2
       Scythe            |       |       |       |    84 |   460 |    27 ||   571
 Cast: Freeze            |    44 |    48 |    66 |   107 |   210 |       ||   475
       Frozen Ramparts   |     3 |    23 |    34 |    92 |   150 |     1 ||   303
       Summon Ice Beast  |       |       |    12 |   126 |   290 |    18 ||   446
       Hailstorm         |       |       |     5 |    59 |    80 |       ||   144
       Blink             |       |       |       |     3 |    84 |    10 ||    97
       Ozocubu's Armour  |       |       |       |     1 |     3 |       ||     4
       Slow              |       |       |       |       |    19 |       ||    19
       Animate Skeleton  |       |       |       |       |    79 |     3 ||    82
       Mephitic Cloud    |       |       |       |       |    13 |       ||    13
Evoke: Wand              |       |       |       |     2 |     4 |       ||     6
  Use: Scroll            |     2 |     5 |     9 |    14 |     7 |       ||    37
       Potion            |     3 |     1 |     3 |       |     8 |     1 ||    16
 Stab: Sleeping          |       |     1 |       |     2 |     5 |     1 ||     9
       Distracted        |       |       |       |     4 |    12 |     1 ||    17
       Confused          |       |       |       |       |     1 |       ||     1
Armor: Robe              |    17 |    19 |    18 |       |       |       ||    54
       Steam dragon scal |       |       |     6 |    55 |   232 |     9 ||   302
Dodge: Dodged            |    49 |    36 |    58 |   133 |   681 |    33 ||   990

Table legend:
 A = Non-vault XP
 B = Vault XP
 C = Vault XP percentage of total XP
 D = Non-vault monster count
 E = Vault monster count
 F = Vault count percentage of total count
                 A         B        C        D         E       F
            +---------+---------+-------+---------+---------+-------
      Total |  112385 |   45761 |  28.9 |     632 |     199 |  23.9
            +---------+---------+-------+---------+---------+-------
        D:1 |      48 |       2 |   4.0 |      30 |       1 |   3.2
        D:2 |     158 |      15 |   8.7 |      14 |       1 |   6.7
        D:3 |     219 |      37 |  14.5 |      27 |       1 |   3.6
        D:4 |     343 |       0 |   0.0 |      20 |       0 |   0.0
        D:5 |     526 |     208 |  28.3 |      20 |       2 |   9.1
        D:6 |     887 |     172 |  16.2 |      16 |       1 |   5.9
        D:7 |     732 |    2064 |  73.8 |      12 |       7 |  36.8
        D:8 |    1251 |    1414 |  53.1 |      27 |      16 |  37.2
        D:9 |    1864 |      66 |   3.4 |      24 |       3 |  11.1
       D:10 |     666 |     520 |  43.8 |       8 |       4 |  33.3
       D:11 |    5550 |    1253 |  18.4 |      41 |       8 |  16.3
       D:12 |    2693 |       0 |   0.0 |      18 |       0 |   0.0
       D:13 |    9643 |    5018 |  34.2 |      35 |      12 |  25.5
       D:14 |    6980 |    2496 |  26.3 |      37 |       1 |   2.6
       D:15 |   15818 |    6834 |  30.2 |      54 |      11 |  16.9
     Lair:1 |    4442 |     288 |   6.1 |      21 |       2 |   8.7
     Lair:2 |    2360 |    3376 |  58.9 |      14 |       6 |  30.0
     Lair:3 |    2038 |     990 |  32.7 |      10 |       2 |  16.7
     Lair:4 |    5033 |    1289 |  20.4 |      12 |       8 |  40.0
     Lair:5 |    6574 |    3263 |  33.2 |      19 |      31 |  62.0
     Lair:6 |   22508 |    2804 |  11.1 |      59 |      12 |  16.9
   Shoals:1 |    6042 |     845 |  12.3 |      18 |       3 |  14.3
   Spider:1 |    4025 |       0 |   0.0 |      14 |       0 |   0.0
    Slime:1 |    1662 |       0 |   0.0 |      10 |       0 |   0.0
      Orc:1 |    8463 |    1538 |  15.4 |      37 |      11 |  22.9
      Orc:2 |    1860 |    6434 |  77.6 |      35 |      30 |  46.2
    Volcano |       0 |    4835 | 100.0 |       0 |      26 | 100.0
            +---------+---------+-------+---------+---------+-------
